 Dungeon Crawl Stone Soup version 0.25.1-2-g60ff931df9 (webtiles) character file.

Game seed: 6315110921937137817

68777 pokeman the Eclecticist (level 14, -4/80 HPs)
             Began as a Deep Elf Wizard on Nov 14, 2020.
             Was a High Priest of Vehumet.
             Killed by divine providence
             ... invoked by Saint Roka
              (13 damage)
             ... on level 2 of the Orcish Mines.
             The game lasted 01:45:50 (32358 turns).

pokeman the Eclecticist (Deep Elf Wizard)          Turns: 32358, Time: 01:45:50

Health: -4/80      AC: 11    Str: 10    XL:     14   Next: 87%
Magic:  14/40      EV: 12    Int: 34    God:    Vehumet [*****.]
Gold:   2864       SH:  7    Dex:  9    Spells: 23/53 levels left

rFire    + + +     SeeInvis +   l - +0 flail "Jemiomof" {pain, Int+2 Dex-2 SInv Stlth+}
rCold    . . .     Gourm    .   w - +3 buckler "Pullach" {rF++ Dex-2}
rNeg     . . .     Faith    +   g - +0 acid dragon scales
rPois    +         Spirit   .   E - +0 helmet
rElec    .         Reflect  .   p - +0 cloak
rCorr    +         Harm     .   V - +0 pair of gloves
MR       +....                  (no boots)
Stlth    +++.......             T - amulet of faith
HPRegen  0.23/turn              C - ring of poison resistance
MPRegen  0.27/turn              D - ring "Oxemeo Dimom" {rF+ Str+6 Int+3}

@: no status effects
A: no striking features
a: Renounce Religion


You were on level 2 of the Orcish Mines.
You worshipped Vehumet.
Vehumet was extremely pleased with you.
You were hungry.

You visited 4 branches of the dungeon, and saw 24 of its levels.
You also visited: Sewer, Ossuary, Bailey and Volcano.

You collected 2942 gold pieces.
You spent 78 gold pieces at shops.

Inventory:

Hand Weapons
 l - the +0 flail "Jemiomof" (weapon) {pain, Int+2 Dex-2 SInv Stlth+}
   (You found it on level 7 of the Dungeon)

   In the hands of one skilled in necromantic magic, it inflicts extra damage on
   living creatures.
   It affects your intelligence (+2).
   It affects your dexterity (-2).
   It lets you see invisible.
   It makes you more stealthy.
 z - a +2 shortbow of flaming
Missiles
 A - 388 arrows
Armour
 g - +0 acid dragon scales (worn)
 p - a +0 cloak (worn)
 w - the +3 buckler "Pullach" (worn) {rF++ Dex-2}
   (You found it on level 4 of the Dungeon)

   It affects your dexterity (-2).
   It greatly protects you from fire.
 E - a +0 helmet (worn)
 V - a +0 pair of gloves (worn)
Jewellery
 s - an uncursed ring of protection from magic
 C - a ring of poison resistance (left hand)
 D - the ring "Oxemeo Dimom" (right hand) {rF+ Str+6 Int+3}
   (You found it on level 4 of the Lair of Beasts)

   [ring of strength]

   It affects your strength (+6).
   It affects your intelligence (+3).
   It protects you from fire.
 K - an uncursed amulet of reflection
 O - an uncursed ring of flight
 T - an amulet of faith (around neck)
Wands
 o - a wand of iceblast (41)
 r - a wand of digging (10)
Scrolls
 a - 5 scrolls of magic mapping
 f - 4 scrolls of teleportation
 u - a scroll of remove curse
 F - 2 scrolls of blinking
 H - 10 scrolls of identify
Potions
 e - 8 potions of haste
 j - 8 potions of curing
 t - 4 potions of heal wounds
 G - a potion of magic
Miscellaneous
 b - a tin of tremorstones (3/3)
 N - a phantom mirror
 Q - a box of beasts
Comestibles
 d - 38 rations


   Skills:
 - Level 6.0 Fighting
 + Level 6.6 Armour
 - Level 3.1 Dodging
 - Level 3.0 Stealth
 - Level 4.0 Shields
 * Level 20.3 Spellcasting
 + Level 12.9 Conjurations
 - Level 1.1 Summonings
 - Level 1.1 Translocations
 + Level 12.4 Fire Magic
 + Level 0.3 Ice Magic
 - Level 1.3 Air Magic
 - Level 1.1 Earth Magic
 - Level 2.0 Poison Magic
 - Level 1.0 Evocations


You had 23 spell levels left.
You knew the following spells:

 Your Spells              Type           Power        Failure   Level  Hunger
a - Magic Dart            Conj           ####         0%          1    None
b - Mephitic Cloud        Conj/Pois/Air  ######..     1%          3    None
c - Call Imp              Summ           #####...     1%          2    None
d - Blink                 Tloc           N/A          1%          2    None
e - Conjure Flame         Conj/Fire      #######.     0%          3    None
f - Foxfire               Conj/Fire      ####         0%          1    None
g - Apportation           Tloc           #####.       1%          1    None
h - Stone Arrow           Conj/Erth      ######       1%          3    None
i - Orb of Destruction    Conj           #######...   1%          7    #......
j - Summon Butterflies    Summ           #####...     1%          1    None
k - Freezing Cloud        Conj/Ice/Air   ######....   8%          6    None

Your spell library contained the following spells:

 Spells                   Type           Power        Failure   Level  Hunger
 Animate Skeleton         Necr           N/A          1%          1    None
 Corona                   Hex            ####...      1%          1    None
 Freeze                   Ice            ####         1%          1    None
 Sting                    Tmut/Pois      ####         1%          1    None
 Summon Small Mammal      Summ           ####         1%          1    None
 Corpse Rot               Necr/Air       N/A          1%          2    None
 Poisonous Vapours        Pois/Air       #####.       1%          2    None
 Slow                     Hex            ####....     1%          2    None
 Sublimation of Blood     Necr           ####......   1%          2    None
 Frozen Ramparts          Ice            #####.       1%          3    None
 Ignite Poison            Fire/Tmut/Pois ######..     1%          3    None
 Hailstorm                Conj/Ice       ######..     1%          4    None
 Olgreb's Toxic Radiance  Pois           #####...     1%          4    None
 Lesser Beckoning         Tloc           #####.....   2%          3    None
 Ozocubu's Armour         Chrm/Ice       #####...     3%          3    None
 Tukima's Dance           Hex            ####....     4%          3    None
 Summon Ice Beast         Ice/Summ       #####...     11%         4    None
 Dispel Undead            Necr           ####....     14%         4    None
 Alistair's Intoxication  Tmut/Pois      #####...     26%         5    None
 Agony                    Necr           ####....     36%         5    None
 Excruciating Wounds      Chrm/Necr      ####......   36%         5    None
 Invisibility             Hex            ####....     91%         6    None


Dungeon Overview and Level Annotations

Branches:
Dungeon (15/15)            Temple (1/1) D:4            Lair (6/6) D:11
 Shoals (0/4) Lair:2       Spider (0/4) Lair:4        Slime (0/5) Lair:6
    Orc (2/2) D:11         Vaults (0/5) D:13          Sewer (visited)
Ossuary (visited)          Bailey (visited)         Volcano (visited)
    Elf: Orc:2       Depths: D:15

Altars:
Cheibriados
Dithmenos
Fedhas
Kikubaaqudgha
Nemelex Xobeh
Qazlal
Sif Muna
Vehumet
Yredelemnul
Zin
The Shining One
Beogh
Jiyva

Shops:
D:6 *   D:8 }

Annotations:
Orc:2 Saint Roka


Message History

Saint Roka is engulfed in freezing vapours.
Saint Roka invokes the aid of Beogh against you.
Beogh smites you!
* * * LOW HITPOINT WARNING * * *
Casting: Orb of Destruction (dangerous; 1% risk of failure)
Confirm with . or Enter, or press ? or * to list all spells.
Aiming: Orb of Destruction (dangerous; 1% risk of failure)
Press: ? - help, Shift-Dir - straight line, f/p - Saint Roka
Aim: Saint Roka, wielding a +3 war axe of pain and wearing a +0 plate armour (freezing vapour, heavily wounded) Saint Roka is engulfed in freezing vapours.
Saint Roka calls out, "Only Beogh rules here!"
Saint Roka mumbles some strange prayers to Beogh against you.
Beogh smites you!
* * * LOW HITPOINT WARNING * * *
The orb of destruction hits Saint Roka!!!!
Saint Roka is almost dead.
Saint Roka is engulfed in freezing vapours.
Saint Roka mumbles some strange prayers to Beogh against you.
Beogh smites you!
You die...

#. ...##
...#.## .......
....... #......
###..)$####
#.........#
#§§☼○○°@..# #
.§o§°#....#...#
.§§%###<.....#
.%..# #.#.....#
##)%# ###....##
#<..# $.###
##### #.# ##


You could see Saint Roka.

Vanquished Creatures
  Kirke (Lair:3)
  The ghost of Serogusm the Archer, a journeyman CeAM of Okawaru (Lair:5)
  Harold (Lair:1)
  5 hydras
  An ice dragon (Lair:6)
  4 centaur warriors
  8 two-headed ogres
  A queen ant (Lair:3)
  A tengu warrior (D:13)
  An ogre mage (Orc:1)
  Sonja (D:13)
  3 unseen horrors
  A skeletal warrior (D:14)
  A wizard (D:13)
  A lindwurm (Lair:6)
  9 ugly things
  3 orc sorcerers (Orc:2)
  2 manticores (D:11)
  A deep elf mage (D:13)
  2 cyclopes (D:12)
  5 black mambas
  4 gargoyles
  10 spiny frogs
  5 torpor snails (Lair:6)
  2 rime drakes
  5 komodo dragons
  A kobold demonologist (D:11)
  2 tengu conjurers (D:13)
  2 polar bears
  4 trolls
  4 tyrant leeches (Lair:6)
  9 slime creatures
  7 hornets
  3 blink frogs (Lair:6)
  4 dream sheep (Lair:5)
  8 hippogriffs
  A meliai zombie (D:13)
  2 shadows (D:14)
  A water elemental (D:14)
  2 wraiths
  4 redbacks (Lair:4)
  39 yaks
  5 wyverns
  2 basilisks
  A human (D:8)
  7 hogs
  A steam dragon (D:11)
  4 hungry ghosts
  Menkaure (D:6)
  An acid dragon (D:12)
  4 soldier ants
  2 wargs (Orc:1)
  2 hell hounds (Lair:1)
  12 water moccasins
  4 porcupines
  A porcupine (shapeshifter) (D:14)
  A necrophage (D:13)
  4 ice beasts
  26 orc warriors
  5 sky beasts
  3 black bears
  2 phantoms
  27 ogres
  11 centaurs
  12 wolves
  11 crocodiles
  19 bullfrogs
  6 big kobolds
  3 gnoll sergeants (D:11)
  3 scorpions
  12 killer bees
  3 wights (D:9)
  5 electric eels
  7 howler monkeys
  4 centaur zombies
  5 crimson imps
  A bullfrog zombie (D:6)
  2 quasits
  A human zombie (Ossuary)
  A hound (D:9)
  5 jellies
  10 orc priests
  Crazy Yiuf (D:2)
  15 orc wizards
  Natasha (thrice) (D:2)
  17 worker ants
  An ogre zombie (Orc:1)
  A big kobold zombie (Ossuary)
  A hound zombie (D:5)
  2 hound skeletons
  A mummy (Ossuary)
  2 howler monkey skeletons
  13 adders
  13 gnolls
  3 shadow imps
  An adder skeleton (D:4)
  2 worms (D:6)
  A dart slug (D:2)
  4 leopard geckos
  58 orcs
  3 bats (D:1)
  8 giant cockroaches
  10 goblins
  13 hobgoblins
  13 jackals
  28 kobolds
  A quokka (D:5)
  4 ball pythons
  13 frilled lizards
  4 gnoll zombies (Ossuary)
  A goblin zombie (Ossuary)
  2 hobgoblin zombies (Ossuary)
  A jackal skeleton (D:5)
  A leopard gecko skeleton (D:7)
  2 orc zombies (Ossuary)
  12 rats
  A fungus (Lair:2)
  6 plants
670 creatures vanquished.

Vanquished Creatures (collateral kills)
  A hornet (Lair:6)
  2 soldier ants (Lair:3)
  2 worker ants (Lair:3)
  A big kobold zombie (Ossuary)
  A mummy (Ossuary)
7 creatures vanquished.

Vanquished Creatures (others)
  600 foxfires
  7 fungi
  20 plants
627 creatures vanquished.

Grand Total: 1304 creatures vanquished

Notes
Turn   | Place    | Note
-------+----------+-------------------------------------------
     0 | D:1      | pokeman the Deep Elf Wizard began the quest for the Orb.
     0 | D:1      | Reached XP level 1. HP: 10/10 MP: 7/7
   162 | D:1      | Reached XP level 2. HP: 15/15 MP: 5/9
   938 | D:1      | Reached skill level 5 in Spellcasting
  1362 | D:2      | Reached XP level 3. HP: 20/20 MP: 9/11
  1367 | D:2      | Learned a level 3 spell: Mephitic Cloud
  1370 | D:2      | Learned a level 2 spell: Call Imp
  1373 | D:2      | Learned a level 2 spell: Blink
  1377 | D:2      | Learned a level 3 spell: Conjure Flame
  1579 | D:2      | Reached skill level 1 in Fighting
  1579 | D:2      | Reached skill level 1 in Armour
  1934 | D:2      | Reached XP level 4. HP: 25/25 MP: 11/13
  1936 | D:2      | Noticed Natasha
  2268 | D:2      | Killed Natasha
  2591 | D:2      | Noticed an ogre
  2598 | D:2      | Killed an ogre
  2598 | D:2      | Reached skill level 6 in Spellcasting
  2598 | D:2      | Reached skill level 1 in Fire Magic
  2598 | D:2      | Reached XP level 5. HP: 29/29 MP: 4/15
  2623 | D:2      | Noticed Natasha
  2708 | D:2      | Killed Natasha
  2710 | D:2      | Noticed Natasha
  2800 | D:2      | Killed Natasha
  3017 | D:2      | Found a runed translucent door.
  3018 | D:2      | Noticed Crazy Yiuf
  3034 | D:2      | Killed Crazy Yiuf
  3034 | D:2      | Reached XP level 6. HP: 33/34 MP: 10/17
  3180 | D:3      | Learned a level 1 spell: Apportation
  3369 | D:3      | Reached skill level 1 in Air Magic
  3557 | D:3      | Found a radiant altar of Vehumet.
  3568 | D:3      | Became a worshipper of Vehumet
  3999 | D:4      | Reached skill level 7 in Spellcasting
  4081 | D:4      | Reached skill level 1 in Evocations
  4144 | D:4      | Got a pitted buckler
  4167 | D:4      | Found a sand-covered staircase.
  4208 | D:4      | Found a staircase to the Ecumenical Temple.
  4222 | Ossuary  | Entered an ossuary
  4233 | Ossuary  | Reached skill level 1 in Poison Magic
  4237 | Ossuary  | Reached XP level 7. HP: 7/38 MP: 13/19
  4739 | Ossuary  | Reached * piety under Vehumet
  4739 | Ossuary  | Offered knowledge of Foxfire by Vehumet.
  4742 | Ossuary  | Learned a level 1 spell: Foxfire
  5055 | D:4      | Reached skill level 8 in Spellcasting
  5379 | D:5      | Entered Level 5 of the Dungeon
  5794 | D:5      | Reached skill level 1 in Shields
  5926 | D:5      | Reached XP level 8. HP: 44/44 MP: 18/22
  6002 | D:5      | Found a snail-covered altar of Cheibriados.
  6116 | D:5      | Reached skill level 9 in Spellcasting
  6558 | D:6      | Found a glowing drain.
  6576 | Sewer    | Entered a sewer
  6667 | Sewer    | Reached skill level 5 in Conjurations
  6780 | Sewer    | Offered knowledge of Sandblast by Vehumet.
  6809 | Sewer    | Reached ** piety under Vehumet
  7587 | D:6      | Found Geschium's General Store.
  7592 | D:6      | Bought a potion of heal wounds for 65 gold pieces
  7592 | D:6      | Bought a scroll of random uselessness for 13 gold pieces
  7616 | D:6      | Reached skill level 10 in Spellcasting
  7647 | D:6      | Noticed Menkaure
  7655 | D:6      | Killed Menkaure
  8011 | D:7      | Reached XP level 9. HP: 48/48 MP: 17/25
  8119 | D:7      | Offered knowledge of Inner Flame by Vehumet.
  8499 | D:7      | Reached *** piety under Vehumet
  8624 | D:7      | Reached skill level 11 in Spellcasting
  8666 | D:7      | Got a steaming flail
  8667 | D:7      | Identified the cursed +0 flail "Jemiomof" {pain, Int+2
                  | Dex-2 SInv Stlth+} (You found it on level 7 of the Dungeon)
  8877 | D:8      | Found a flagged portal.
  8893 | Bailey   | Entered a bailey
  8920 | Bailey   | Offered knowledge of Stone Arrow by Vehumet.
  8925 | Bailey   | Learned a level 3 spell: Stone Arrow
  9248 | Bailey   | Reached skill level 1 in Earth Magic
  9328 | Bailey   | Found a burning altar of Makhleb.
  9395 | D:8      | Reached skill level 5 in Fire Magic
  9784 | D:8      | Found Wuyqorgh's Gadget Boutique.
  9909 | D:8      | Found a shimmering blue altar of Sif Muna.
  9921 | D:8      | Found a blossoming altar of Fedhas.
  9924 | D:8      | Found a stormy altar of Qazlal.
 10332 | D:9      | Reached skill level 12 in Spellcasting
 10338 | D:9      | Identified the +3 buckler "Pullach" {rF++ Dex-2} (You found
                  | it on level 4 of the Dungeon)
 10655 | D:9      | Reached XP level 10. HP: 32/53 MP: 16/28
 10755 | D:9      | Found an ancient bone altar of Kikubaaqudgha.
 10784 | D:9      | Noticed a two-headed ogre
 10796 | D:9      | Killed a two-headed ogre
 11450 | D:9      | Found a shadowy altar of Dithmenos.
 11666 | D:10     | Entered Level 10 of the Dungeon
 11819 | D:10     | Reached skill level 13 in Spellcasting
 11914 | D:10     | Reached **** piety under Vehumet
 12102 | D:10     | Offered knowledge of Iskenderun's Battlesphere by Vehumet.
 12248 | D:10     | Noticed an unseen horror
 12260 | D:10     | Killed an unseen horror
 12605 | D:11     | Found a glowing silver altar of Zin.
 12632 | D:11     | Found a staircase to the Lair.
 12663 | D:11     | Noticed an unseen horror
 12674 | D:11     | Noticed a four-headed hydra
 12692 | D:11     | Killed a four-headed hydra
 12692 | D:11     | Reached XP level 11. HP: 56/57 MP: 11/30
 12693 | D:11     | Killed an unseen horror
 12693 | D:11     | Reached skill level 14 in Spellcasting
 13157 | D:11     | Noticed a brown ugly thing
 13166 | D:11     | Killed a brown ugly thing
 13328 | D:11     | Reached skill level 15 in Spellcasting
 13430 | D:11     | Found a staircase to the Orcish Mines.
 13986 | Temple   | Entered the Ecumenical Temple
 14511 | D:12     | Reached ***** piety under Vehumet
 14658 | D:12     | Offered knowledge of Orb of Destruction by Vehumet.
 14671 | D:12     | Learned a level 7 spell: Orb of Destruction
 15051 | D:12     | Reached XP level 12. HP: 53/66 MP: 21/33
 15719 | D:12     | Reached skill level 16 in Spellcasting
 15832 | D:12     | Reached skill level 10 in Conjurations
 16167 | D:13     | Noticed a tengu warrior
 16171 | D:13     | Killed a tengu warrior
 16427 | D:13     | Noticed Sonja
 16430 | D:13     | Killed Sonja
 16487 | D:13     | Noticed a centaur warrior
 16502 | D:13     | Killed a centaur warrior
 16731 | D:13     | Found a gate to the Vaults.
 16948 | D:13     | Reached skill level 5 in Fighting
 16969 | D:13     | Noticed a centaur warrior
 16981 | D:13     | Killed a centaur warrior
 17580 | D:13     | Reached skill level 17 in Spellcasting
 17717 | D:14     | Reached skill level 10 in Fire Magic
 18001 | D:14     | Noticed a centaur warrior
 18182 | D:14     | Killed a centaur warrior
 18316 | D:14     | Reached XP level 13. HP: 73/73 MP: 25/36
 19061 | D:15     | Entered Level 15 of the Dungeon
 19246 | Lair:1   | Entered Level 1 of the Lair of Beasts
 19295 | Lair:1   | Found a dark tunnel.
 19349 | Volcano  | Entered a volcano
 20217 | Lair:1   | Noticed Harold
 20226 | Lair:1   | Killed Harold
 20226 | Lair:1   | Offered knowledge of Yara's Violent Unravelling by Vehumet.
 20341 | Lair:1   | Reached skill level 18 in Spellcasting
 20988 | Lair:2   | Found a snail-covered altar of Cheibriados.
 21004 | Lair:2   | Found a staircase to the Shoals.
 21211 | Lair:2   | You fall into a shaft and drop 1 floor!
 21600 | Lair:2   | Learned a level 1 spell: Summon Butterflies
 22167 | Lair:3   | Got an ichor-stained war axe
 22496 | Lair:3   | Identified the cursed +1 war axe of Descent {vorpal, rPois
                  | rN+} (You found it on level 3 of the Lair of Beasts)
 23885 | Lair:4   | Found a hole to the Spider Nest.
 24181 | Lair:4   | You fall into a shaft and drop 2 floors!
 24181 | Lair:6   | Entered Level 6 of the Lair of Beasts
 24181 | Lair:6   | Found a viscous altar of Jiyva.
 24181 | Lair:6   | Found a staircase to the Slime Pits.
 24386 | Lair:6   | Reached skill level 5 in Armour
 24604 | Lair:6   | Got a pitted quarterstaff
 24851 | Lair:5   | Reached skill level 19 in Spellcasting
 25064 | Lair:5   | Reached XP level 14. HP: 80/80 MP: 39/39
 25188 | Lair:5   | Found a runed translucent door.
 25189 | Lair:5   | Got a scorched hand axe
 25191 | Lair:5   | Noticed Serogusm's ghost (journeyman CeAM)
 25212 | Lair:5   | Killed Serogusm's ghost
 25268 | Lair:5   | Got a brightly glowing dagger
 25309 | Lair:5   | Offered knowledge of Lightning Bolt by Vehumet.
 25897 | Lair:4   | Got a steaming marble ring
 26183 | Lair:4   | Identified the ring "Oxemeo Dimom" {rF+ Str+6 Int+3} (You
                  | found it on level 4 of the Lair of Beasts)
 26184 | Lair:4   | Identified the cursed +3 hand axe "Elf's Death" {flame,
                  | rF+++ rC- Dex+3} (You found it on level 5 of the Lair of
                  | Beasts)
 26190 | Lair:4   | Identified the +2 dagger of Peurill {antimagic, *Drain
                  | rF+++ SInv} (You found it on level 5 of the Lair of Beasts)
 26196 | Lair:4   | Identified the +9 quarterstaff of Crusades {speed, rF++
                  | Stlth+} (You found it on level 6 of the Lair of Beasts)
 26306 | Lair:5   | Noticed Kirke
 26415 | Lair:4   | Noticed a sphinx
 26426 | Lair:3   | Killed Kirke
 28418 | Lair:6   | Found a runed translucent door.
 28520 | Lair:6   | Paralysed by a hornet for 3 turns
 28701 | Lair:6   | Offered knowledge of Conjure Ball Lightning by Vehumet.
 29857 | Orc:1    | Entered Level 1 of the Orcish Mines
 30374 | Orc:1    | Reached skill level 20 in Spellcasting
 31295 | Orc:1    | Identified the cursed +1 robe "Tusus" {*Contam +Blink +Fly
                  | rF+}
 31494 | Orc:2    | Entered Level 2 of the Orcish Mines
 31494 | Orc:2    | Noticed Saint Roka
 31504 | Orc:2    | Offered knowledge of Freezing Cloud by Vehumet.
 31531 | Orc:1    | Learned a level 6 spell: Freezing Cloud
 31740 | Orc:1    | Found a roughly hewn altar of Beogh.
 32358 | Orc:2    | Killed from afar by Saint Roka

Illustrated notes

Levels and vault maps discovered:
D:1:      lemuel_arrival_river_bridge, layout_basic
D:2:      layout_basic, uniq_natasha, uniq_crazy_yiuf_cottage
D:3:      layout_rooms, marbit_many_paths, serial_forest,
          infiniplex_forest_clump_long, infiniplex_forest_straight_4,
          infiniplex_forest_end_2, infiniplex_forest_straight_3,
          infiniplex_forest_lined_2, infiniplex_forest_corner_1,
          infiniplex_forest_clump_small, minmay_between
D:4:      layout_basic, minmay_temple_entry_mini_moons,
          nicolae_ossuary_entry_false_entrances
D:5:      layout_basic, cheibriados_altar_1, first_ration
D:6:      layout_rooms, serial_shops, kennysheep_little_box,
          cheibrodos_sewer_entry_bend, uniq_menkaure
D:7:      layout_basic
D:8:      layout_basic, grunt_temple_overflow_forces_of_nature, kennysheep_mini,
          serial_shops, shop, enter_bailey_3, grunt_livestock,
          minmay_misc_feat_tower
D:9:      layout_basic, grunt_dithmenos_smoke_and_mirrors, basic_altar,
          chequers_serial_rivers_small_b
D:10:     layout_rooms
D:11:     layout_basic, david_lair_shrubbed,
          kennysheep_orc_monster_closet_entryway, basic_altar
D:12:     layout_basic
D:13:     layout_grid_maze, david_vaults_1, kb_tengu_band, uniq_sonja
D:14:     layout_roguey, chequers_big_river, minmay_misc_feat_plants
D:15:     gammafunk_depths_entry_grave, layout_rooms, serial_shops, shop,
          ebering_ghost_disaster_area, uniq_josephine, uniq_agnes, uniq_rupert
Temple:   eino_temple_scatter_basement
Lair:1:   layout_chaotic_city, enter_volcano_3, grunt_megastairs_1,
          serial_bayou_shore_b, uniq_harold
Lair:2:   layout_regular_city, minmay_shoals_entry_centaurs, basic_altar,
          grunt_megastairs_3
Lair:3:   layout_gridlike, wad_woods_antlair
Lair:4:   layout_gridlike, spider_nest_entry_webs, gammafunk_lair_bear_cave
Lair:5:   layout_gridlike, ebering_ghost_inner_flame, serial_bayou_lake_a,
          uniq_kirke
Lair:6:   wormcave, layout_hall_layers, slime_altar_1, st_stairs_11
Orc:1:    lemuel_ogre_cave, layout_diamond_mine, basic_altar, uniq_snorg
Orc:2:    st_orc_mages, layout_diamond_mine, lemuel_statue_altar, uniq_donald,
          uniq_saint_roka

Skill      XL: |  1  2  3  4  5  6  7  8  9 10 11 12 13 14 |
---------------+-------------------------------------------+-----
Spellcasting   | 5 6 7 8 10 12 13 15 17 19 20 | 20.3
Fighting       | 1 2 3 5 6 |  6.0
Armour         | 1 3 4 5 6 |  6.6
Conjurations   | 2 3 4 5 7 8 9 10 12 | 12.9
Dodging        | 3 |  3.1
Fire Magic     | 1 2 4 5 7 8 10 11 12 | 12.4
Stealth        | 3 |  3.0
Air Magic      | 1 |  1.3
Evocations     | 1 |  1.0
Poison Magic   | 1 2 |  2.0
Shields        | 1 2 4 |  4.0
Earth Magic    | 1 |  1.1
Summonings     | |  1.1
Translocations | |  1.1
Ice Magic      | |  0.3

Action                   |  1- 3 |  4- 6 |  7- 9 | 10-12 | 13-15 || total
-------------------------+-------+-------+-------+-------+-------++-------
Melee: Unarmed           |     1 |     5 |       |       |       ||     6
       Spear             |       |    20 |       |       |       ||    20
       Quarterstaff      |       |    21 |    59 |       |       ||    80
       Flail             |       |       |    28 |    95 |   125 ||   248
       War axe           |       |       |       |       |   129 ||   129
 Cast: Magic Dart        |    94 |   108 |   203 |    13 |    10 ||   428
       Mephitic Cloud    |     1 |    11 |    18 |    48 |    67 ||   145
       Conjure Flame     |     1 |     3 |    16 |    35 |    26 ||    81
       Call Imp          |       |       |     9 |     3 |     4 ||    16
       Foxfire           |       |       |    75 |   115 |   137 ||   327
       Stone Arrow       |       |       |    24 |   215 |   397 ||   636
       Blink             |       |       |    15 |     3 |     9 ||    27
       Orb of Destructio |       |       |       |     7 |    25 ||    32
       Apportation       |       |       |       |     1 |     2 ||     3
       Freezing Cloud    |       |       |       |       |     1 ||     1
       Summon Butterflie |       |       |       |       |     1 ||     1
 Abil: Evoke Flight      |       |       |       |       |     2 ||     2
Evoke: Wand              |       |       |       |     1 |     5 ||     6
  Use: Scroll            |       |       |       |    23 |    11 ||    34
 Stab: Confused          |       |     4 |     5 |     6 |    14 ||    29
       Petrified         |       |       |     6 |       |       ||     6
       Sleeping          |       |       |     1 |       |       ||     1
  Eat: Chunk             |     3 |     7 |    16 |    22 |    32 ||    80
       Ration            |       |       |     1 |     1 |     4 ||     6
Armor: Robe              |       |    14 |       |       |       ||    14
       Leather armour    |       |     3 |    27 |     9 |       ||    39
       Steam dragon scal |       |       |       |    40 |    21 ||    61
       Acid dragon scale |       |       |       |       |    40 ||    40
Dodge: Dodged            |     5 |    66 |    79 |   103 |   126 ||   379
Block: Buckler           |       |       |     2 |    66 |    91 ||   159
